 Dungeon Crawl Stone Soup version 0.21.1-1-g345015f (webtiles) character file.

418 tidbits the Charmwright (level 6, -2/51 HPs)
             Began as a Gnoll Skald on June 25, 2018.
             Was an Initiate of Cheibriados.
             Splashed by a jelly's acid (3 damage)
             ... on level 6 of the Dungeon.
             The game lasted 00:08:46 (836 turns).

tidbits the Charmwright (Gnoll Skald)                Turns: 836, Time: 00:08:46

Health: -2/51      AC:  3    Str: 14    XL:     6   Next: 93%
Magic:  1/14       EV: 15    Int: 18    God:    Cheibriados [......]
Gold:   114        SH:  6    Dex: 16    Spells: 4/15 levels left

rFire    . . .     SeeInvis .   a - +0 war axe
rCold    . . .     Gourm    .   (no shield)
rNeg     . . .     Faith    .   b - +0 leather armour
rPois    .         Spirit   .   (helmet restricted)
rElec    +         Reflect  +   (no cloak)
rCorr    .         Harm     .   (no gloves)
MR       .....                  (no boots)
Stlth    ++........             l - +6 amulet of reflection
HPRegen  0.17/turn              r - ring of flight
MPRegen  0.14/turn              (no ring)

@: singing, very slow
A: distributed training, fangs 1, horns 1, electricity resistance, strong nose
a: Bend Time, Renounce Religion, Evoke Flight


You were on level 6 of the Dungeon.
You worshipped Cheibriados.
Cheibriados was noncommittal.
You were not hungry.

You visited 2 branches of the dungeon, and saw 7 of its levels.

You collected 114 gold pieces.

Inventory:

Hand Weapons
 a - a +0 war axe (weapon)
 g - a +0 dagger
 h - a +0 dagger
 k - a +0 hand axe
 m - a +0 flail
 p - a -2 hand axe
 w - a +4 dagger of venom
   (You took it off an orc wizard on level 6 of the Dungeon)
Missiles
 q - 10 arrows
Armour
 b - a +0 leather armour (worn)
 o - a cursed +0 shield
Jewellery
 l - a +6 amulet of reflection (around neck)
   (You found it on level 2 of the Dungeon)
 r - a ring of flight (left hand)
   (You found it on level 3 of the Dungeon)
 v - an uncursed amulet of guardian spirit
   (You found it on level 6 of the Dungeon)
Wands
 u - a wand of paralysis (8)
Scrolls
 e - a scroll of remove curse
 j - a scroll of teleportation
 n - a scroll of random uselessness
 t - a scroll of acquirement {unknown}
 x - a scroll of vulnerability {unknown}
Potions
 f - a potion of agility {unknown}
 i - 3 potions of might
 s - a potion of degeneration
Books
 d - a book of Battle

   Spells                             Type                      Level
   a - Infusion                       Charms                       1
   b - Shroud of Golubria             Charms/Translocation         2
   c - Song of Slaying                Charms                       2
   d - Spectral Weapon                Hexes/Charms                 3
   e - Regeneration                   Charms/Necromancy            3
Comestibles
 c - 7 rations


   Skills:
 + Level 5.0 Fighting
 + Level 2.1 Short Blades
 + Level 2.1 Long Blades
 + Level 5.0 Axes
 + Level 2.1 Maces & Flails
 + Level 2.1 Polearms
 + Level 2.1 Staves
 + Level 2.1 Slings
 + Level 2.1 Bows
 + Level 2.1 Crossbows
 + Level 2.1 Throwing
 + Level 3.3 Armour
 + Level 5.0 Dodging
 + Level 2.1 Stealth
 + Level 2.1 Shields
 + Level 2.1 Unarmed Combat
 + Level 5.4 Spellcasting
 + Level 1.7 Conjurations
 + Level 1.7 Hexes
 + Level 5.7 Charms
 + Level 1.7 Summonings
 + Level 1.7 Necromancy
 + Level 1.7 Translocations
 + Level 1.7 Transmutations
 + Level 1.7 Fire Magic
 + Level 1.7 Ice Magic
 + Level 1.7 Air Magic
 + Level 1.7 Earth Magic
 + Level 1.7 Poison Magic
 + Level 2.3 Invocations
 + Level 2.1 Evocations


You had 4 spell levels left.
You knew the following spells:

 Your Spells              Type           Power        Failure   Level  Hunger
g - Shroud of Golubria    Chrm/Tloc      ###.......   4%          2    #......
i - Infusion              Chrm           ####         1%          1    None
r - Regeneration          Chrm/Necr      ###.......   10%         3    ##.....
w - Spectral Weapon       Hex/Chrm       ###.....     10%         3    ##.....
y - Song of Slaying       Chrm           ####....     2%          2    #......


Dungeon Overview and Level Annotations

Branches:
Dungeon (6/15)             Temple (1/1) D:5

Altars:
Cheibriados
Dithmenos
Elyvilon
Fedhas
Gozag
Hepliaklqana
Kikubaaqudgha
Nemelex Xobeh
Okawaru
Qazlal
Ru
Sif Muna
Trog
Uskayaw
Vehumet
Wu Jian
Xom
Yredelemnul
Zin


Innate Abilities, Weirdness & Mutations

Your experience applies equally to all skills.
You have very sharp teeth.
Your uncanny sense of smell can sniff out nearby items.
You have a pair of small horns on your head.
You are resistant to electric shocks. (rElec)


Message History

A worm comes into view.
You feel sick.
Your magical contamination has completely faded away.
Things that are here:
a dagger of venom; a robe; an orc corpse
w - a dagger of venom You feel sick.
Casting: Regeneration
Confirm with . or Enter, or press ? or * to list all spells.
Your skin crawls.
Your song has ended.
You feel sick.
Unknown command.
You butcher the orc corpse.
You feel sick.
Things that are here:
a robe; 2 chunks of flesh; an orc skeleton Eat one of 2 chunks of flesh? (ye/n/q)
You eat one of the 2 chunks of flesh.
This raw flesh tastes terrible.
You feel sick.
You feel sick.
There is a stone staircase leading up here.
You feel sick.
You feel sick.
You see here a scroll labeled VOIP HEYGO.
x - a scroll labeled VOIP HEYGO Your skin is crawling a little less now.
You feel sick.
Casting: Regeneration
Confirm with . or Enter, or press ? or * to list all spells.
You miscast Spectral Weapon.
You are very lightly contaminated with residual magic.
Multicoloured lights dance before your eyes!
You are feeling hungry.
You feel sick.
You feel sick.
You slash the worm!
The worm is heavily wounded.
The worm bites you.
You hit the worm.
The worm is severely wounded.
You feel sick.
You slash the worm!
You kill the worm!
Your skin stops crawling.
You feel sick.
Okay, then.
You see here a worm corpse.
You butcher the worm corpse.
You feel sick.
You see here a chunk of flesh.
Eat a chunk of flesh? (ye/n/q)
You eat the chunk of flesh.
This raw flesh tastes terrible.
You feel sick.
Found a scroll of identify.
You hear the slow rusting of a drain nearby.
You feel sick.
You feel sick.
You see here a scroll of identify.
As you read the scroll of identify, it crumbles to dust.
v - an uncursed amulet of guardian spirit Your magical contamination has completely faded away.
You feel sick.
Found 12 gold pieces.
A jelly comes into view.
Casting: Spectral Weapon
Confirm with . or Enter, or press ? or * to list all spells.
You draw out your weapon's spirit!
You feel sick.
You are no longer poisoned.
An orc and an orc wizard come into view.
Casting: Spectral Weapon
Confirm with . or Enter, or press ? or * to list all spells.
You start singing a song of slaying.
The orc shouts!
The orc wizard shouts!
You hear a shout!
The orc wizard gestures wildly while chanting.
The orc wizard seems to speed up.
Unknown command.
Unknown command.
You hear a shout! 3 orcs come into view.
An orc is wielding a flail of venom.
The orc shouts!
The jelly hits you.
You are splashed with acid!
The acid burns!
* * * LOW HITPOINT WARNING * * *
A wight comes into view. It is wielding an enchanted halberd.
You slash the jelly!
Your hands burn!
* * * LOW HITPOINT WARNING * * *
You headbutt the jelly, but do no damage.
The jelly is severely wounded.
You closely miss the orc wizard.
Your spectral weapon hits the jelly but does no damage.
Your spectral weapon is burned by acid!
Your spectral weapon shares its damage with you!
* * * LOW HITPOINT WARNING * * *
You block the orc wizard's attack. The jelly hits you.
* * * LOW HITPOINT WARNING * * *
You are splashed with acid!
The acid burns!
* * * LOW HITPOINT WARNING * * *
The orc barely misses you.
The orc wizard hits you but does no damage.
You hit the jelly but do no damage.
Your hands burn!
You die...

##### #. .$.#
#..z###J###
#...oo@(..#
#....o#.#.#
.......#.#.#
##..o###.#.###
∆ ...o.
..#...# .#..
###.### ...
#.# .## # #.#
#
#.###.#####.#


You could see a jelly, a wight, an orc wizard, 4 orcs and a friendly spectral
war axe.

Vanquished Creatures
  A jelly (D:5)
  An orc priest (D:5)
  4 orc wizards
  A hound (D:4)
  A bullfrog skeleton (D:5)
  2 iguanas
  A worker ant (D:4)
  A hound skeleton (D:4)
  3 adders (D:2)
  An adder skeleton (D:5)
  2 adder zombies (D:5)
  A worm (D:6)
  2 dart slugs (D:3)
  9 orcs
  7 bats
  3 giant cockroaches
  6 goblins
  4 hobgoblins
  8 jackals
  A ball python (D:5)
  A frilled lizard (D:1)
  2 kobolds
  A leopard gecko skeleton (D:4)
  A quokka zombie (D:5)
  A rat (D:1)
65 creatures vanquished.

Notes
Turn   | Place    | Note
-------+----------+-------------------------------------------
     0 | D:1      | tidbits the Gnoll Skald began the quest for the Orb.
     0 | D:1      | Reached XP level 1. HP: 20/20 MP: 6/6
    81 | D:1      | Reached XP level 2. HP: 25/26 MP: 0/7
    86 | D:1      | Learned a level 2 spell: Song of Slaying
    89 | D:1      | Learned a level 2 spell: Shroud of Golubria
   168 | D:2      | Reached XP level 3. HP: 21/31 MP: 5/9
   173 | D:2      | Learned a level 3 spell: Regeneration
   177 | D:2      | Learned a level 3 spell: Spectral Weapon
   184 | D:2      | Reached skill level 5 in Spellcasting
   256 | D:3      | Reached skill level 1 in Invocations
   257 | D:3      | Reached skill level 1 in Short Blades
   257 | D:3      | Reached skill level 1 in Long Blades
   257 | D:3      | Reached skill level 1 in Maces & Flails
   257 | D:3      | Reached skill level 1 in Polearms
   257 | D:3      | Reached skill level 1 in Staves
   257 | D:3      | Reached skill level 1 in Slings
   257 | D:3      | Reached skill level 1 in Bows
   257 | D:3      | Reached skill level 1 in Crossbows
   257 | D:3      | Reached skill level 1 in Throwing
   257 | D:3      | Reached skill level 1 in Stealth
   257 | D:3      | Reached skill level 1 in Shields
   257 | D:3      | Reached skill level 1 in Unarmed Combat
   257 | D:3      | Reached skill level 1 in Evocations
   257 | D:3      | Reached XP level 4. HP: 34/38 MP: 2/11
   298 | D:2      | Reached skill level 1 in Conjurations
   298 | D:2      | Reached skill level 1 in Hexes
   298 | D:2      | Reached skill level 1 in Summonings
   298 | D:2      | Reached skill level 1 in Necromancy
   298 | D:2      | Reached skill level 1 in Translocations
   298 | D:2      | Reached skill level 1 in Transmutations
   298 | D:2      | Reached skill level 1 in Fire Magic
   298 | D:2      | Reached skill level 1 in Ice Magic
   298 | D:2      | Reached skill level 1 in Air Magic
   298 | D:2      | Reached skill level 1 in Earth Magic
   298 | D:2      | Reached skill level 1 in Poison Magic
   308 | D:2      | Found a bloodstained altar of Trog.
   404 | D:3      | Gained mutation: You have a pair of small horns on your head. [potion of mutation]
   404 | D:3      | Gained mutation: You are resistant to electric shocks. (rElec) [potion of mutation]
   519 | D:4      | Reached XP level 5. HP: 39/43 MP: 2/12
   529 | D:4      | Reached skill level 3 in Armour
   580 | D:5      | Entered Level 5 of the Dungeon
   601 | D:5      | Reached skill level 2 in Invocations
   601 | D:5      | Reached XP level 6. HP: 37/50 MP: 5/13
   669 | D:5      | Found a staircase to the Ecumenical Temple.
   675 | D:5      | Reached skill level 5 in Fighting
   675 | D:5      | Reached skill level 5 in Axes
   675 | D:5      | Reached skill level 5 in Dodging
   680 | Temple   | Entered the Ecumenical Temple
   688 | Temple   | Became a worshipper of Cheibriados the Contemplative
   750 | D:4      | Reached skill level 2 in Short Blades
   750 | D:4      | Reached skill level 2 in Long Blades
   750 | D:4      | Reached skill level 2 in Maces & Flails
   750 | D:4      | Reached skill level 2 in Polearms
   750 | D:4      | Reached skill level 2 in Staves
   750 | D:4      | Reached skill level 2 in Slings
   750 | D:4      | Reached skill level 2 in Bows
   750 | D:4      | Reached skill level 2 in Crossbows
   750 | D:4      | Reached skill level 2 in Throwing
   750 | D:4      | Reached skill level 2 in Stealth
   750 | D:4      | Reached skill level 2 in Shields
   750 | D:4      | Reached skill level 2 in Unarmed Combat
   750 | D:4      | Reached skill level 2 in Evocations
   835 | D:6      | HP: 1/51 [acid (10)]
   836 | D:6      | Splashed by a jelly's acid

Skill      XL: |  1  2  3  4  5  6 |
---------------+-------------------+-----
Spellcasting   | 5 |  5.4
Invocations    | 1 2 |  2.3
Short Blades   | 1 2 |  2.1
Long Blades    | 1 2 |  2.1
Maces & Flails | 1 2 |  2.1
Polearms       | 1 2 |  2.1
Staves         | 1 2 |  2.1
Slings         | 1 2 |  2.1
Bows           | 1 2 |  2.1
Crossbows      | 1 2 |  2.1
Throwing       | 1 2 |  2.1
Stealth        | 1 2 |  2.1
Shields        | 1 2 |  2.1
Unarmed Combat | 1 2 |  2.1
Evocations     | 1 2 |  2.1
Conjurations   | 1 |  1.7
Hexes          | 1 |  1.7
Summonings     | 1 |  1.7
Necromancy     | 1 |  1.7
Translocations | 1 |  1.7
Transmutations | 1 |  1.7
Fire Magic     | 1 |  1.7
Ice Magic      | 1 |  1.7
Air Magic      | 1 |  1.7
Earth Magic    | 1 |  1.7
Poison Magic   | 1 |  1.7
Armour         | 3 |  3.3
Fighting       | 5 |  5.0
Axes           | 5 |  5.0
Dodging        | 5 |  5.0
Charms         | |  5.7

Action                   |  1- 3 |  4- 6 || total
-------------------------+-------+-------++-------
Melee: Hand axe          |    53 |    76 ||   129
       Bite              |     5 |    12 ||    17
       Headbutt          |       |    13 ||    13
       War axe           |       |    27 ||    27
       Punch             |       |     1 ||     1
 Cast: Infusion          |     4 |       ||     4
       Song of Slaying   |     3 |     7 ||    10
       Spectral Weapon   |     2 |    11 ||    13
       Regeneration      |       |     3 ||     3
       Shroud of Golubri |       |     2 ||     2
  Use: Scroll            |     2 |     8 ||    10
       Potion            |       |     1 ||     1
 Stab: Sleeping          |       |     2 ||     2
       Distracted        |       |     1 ||     1
  Eat: Chunk             |       |     2 ||     2
Armor: Leather armour    |    15 |    21 ||    36
Dodge: Dodged            |    44 |    92 ||   136
Block: Other             |     3 |    43 ||    46
       Reflection        |       |     2 ||     2

Table legend:
 A = Turns spent in this place as a percentage of turns spent in the entire game.
 B = Non-inter-level travel turns spent in this place as a percentage of non-inter-level travel turns spent in the entire game.
 C = Inter-level travel turns spent in this place as a percentage of turns spent in this place.
 D = Turns resting spent in this place as a percentage of non-inter-level travel turns spent in this place.
 E = Turns spent auto-exploring this place as a percentage of non-inter-level travel turns spent in this place.
 F = Non-inter-level travel turns spent in this place divided by the number of levels of this place that you've seen.
                   A       B       C       D       E      F
               +-------+-------+-------+-------+-------+----------------------
         Total | 100.0 | 100.0 |   4.4 |   0.0 |   0.0 | 114.1
       Dungeon |  98.0 |  99.6 |   2.8 |   0.0 |   0.0 | 132.7
        Temple |   2.0 |   0.4 |  82.4 |   0.0 |   0.0 |   3.0
               +-------+-------+-------+-------+-------+----------------------

Table legend:
 A = Kills in this place as a percentage of kills in entire the game.
 B = Kills by you in this place as a percentage of kills by you in the entire game.
 C = Kills by friends in this place as a percentage of kills by friends in the entire game.
 D = Other kills in this place as a percentage of other kills in the entire game.
 E = Experience gained in this place as a percentage of experience gained in the entire game.
 F = Experience gained in this place divided by the number of levels of this place that you have seen.
                   A       B       C       D       E      F
               +-------+-------+-------+-------+-------+----------------------
         Total | 100.0 | 100.0 |   N/A |   N/A | 100.0 |  85.4
       Dungeon | 100.0 | 100.0 |   N/A |   N/A | 100.0 |  99.7
               +-------+-------+-------+-------+-------+----------------------

Vault maps used:
D:1:      ldierk_walled_garden_2, lemuel_another_geyser
D:2:      bloody_trog
D:3:      first_ration, chequers_ecumenical_altar_simple
D:5:      minmay_temple_entry_poolview
D:6:      lemuel_ice_spiral_2, cheibrodos_sewer_entry_drain, basic_altar
Temple:   nicolae_temple_no_exploring_needed
